 Dungeon Crawl Stone Soup version 0.21.1-1-g345015f (webtiles) character file.

203 Iko the Chucker (level 5, -1/44 HPs)
             Began as a Minotaur Hunter on May 23, 2018.
             Slain by a scorpion (3 damage)
             ... on level 4 of the Dungeon.
             The game lasted 00:10:11 (780 turns).

Iko the Chucker (Minotaur Hunter)                    Turns: 780, Time: 00:10:12

Health: -1/44      AC:  5    Str: 16    XL:     5   Next: 51%
Magic:  4/4        EV: 11    Int:  9    God:
Gold:   41         SH:  0    Dex: 11    Spells: 4/4 levels left

rFire    . . .     SeeInvis .   b - +1 dagger (flame)
rCold    . . .     Gourm    .   (no shield)
rNeg     . . .     Faith    .   e - +0 ring mail
rPois    .         Spirit   .   (helmet restricted)
rElec    .         Reflect  .   (no cloak)
rCorr    .         Harm     .   (no gloves)
MR       .....                  (no boots)
Stlth    +.........             (no amulet)
HPRegen  0.14/turn              (no ring)
MPRegen  0.09/turn              (no ring)

@: lethally poisoned (-1 -> -5), flying
A: retaliatory headbutt, horns 2
a: no special abilities


You were on level 4 of the Dungeon.
You were not hungry.

You visited 2 branches of the dungeon, and saw 5 of its levels.

You collected 41 gold pieces.

Inventory:

Hand Weapons
 b - a +1 dagger of flaming (weapon)
Missiles
 c - 4 javelins (quivered)
Armour
 e - a +0 ring mail (worn)
Scrolls
 d - a scroll of magic mapping
Potions
 i - a potion of haste
Comestibles
 f - a ration


   Skills:
 + Level 2.9 Fighting
 + Level 2.2 Short Blades
 + Level 5.7 Throwing
 + Level 1.9 Armour
 + Level 2.8 Dodging
 + Level 0.7 Stealth


You had 4 spell levels left.
You didn't know any spells.

Dungeon Overview and Level Annotations

Branches:
Dungeon (4/15)             Temple (1/1) D:4

Altars:
Ashenzari
Cheibriados
Dithmenos
Gozag
Okawaru
Qazlal
Sif Muna
Trog
Uskayaw
Vehumet
Xom
The Shining One


Innate Abilities, Weirdness & Mutations

You reflexively headbutt those who attack you in melee.
You have a pair of horns on your head.


Message History

* * * LOW HITPOINT WARNING * * *
You hit the adder. You burn the adder.
You kill the adder!
You hit the scorpion. You burn the scorpion.
The scorpion is moderately wounded.
The scorpion stings you.
* * * LOW HITPOINT WARNING * * *
You are lethally poisoned!
The scorpion poisons you!
It was a potion of flight.
You feel very buoyant.
You fly up into the air.
* * * LOW HITPOINT WARNING * * *
You feel sick.
The scorpion stings you but does no damage.
You closely miss the scorpion.
The scorpion is moderately wounded.
* * * LOW HITPOINT WARNING * * *
You feel sick. The scorpion stings you.
You die...

.. #. ##..##.#
#....#.##########
#..#.............
####+..............##
#...................#
#...................#
#............@......#
#.........>...s.....#
.###....................
........................
.###.....##+#######....(
#.....# ..... ###.###
.... ######.## ....
.†......# ...


You could see a scorpion.

Vanquished Creatures
  2 scorpions
  An orc wizard (D:4)
  3 adders
  An ooze (D:3)
  2 worms
  A dart slug (D:2)
  4 orcs (D:4)
  A ball python (D:3)
  6 bats
  A giant cockroach (D:2)
  4 goblins
  2 hobgoblins (D:2)
  5 kobolds
  A frilled lizard (D:1)
  4 rats
38 creatures vanquished.

Notes
Turn   | Place    | Note
-------+----------+-------------------------------------------
     0 | D:1      | Iko the Minotaur Hunter began the quest for the Orb.
     0 | D:1      | Reached XP level 1. HP: 18/18 MP: 0/0
   104 | D:1      | Reached XP level 2. HP: 17/25 MP: 1/1
   241 | D:2      | Noticed a scorpion
   254 | D:2      | Killed a scorpion
   254 | D:2      | Reached skill level 1 in Short Blades
   254 | D:2      | Reached skill level 5 in Throwing
   254 | D:2      | Reached XP level 3. HP: 17/30 MP: 2/2
   254 | D:2      | Reached XP level 4. HP: 21/37 MP: 3/3
   520 | D:3      | Reached skill level 1 in Armour
   635 | D:4      | Found a staircase to the Ecumenical Temple.
   641 | Temple   | Entered the Ecumenical Temple
   734 | D:4      | Reached XP level 5. HP: 22/42 MP: 4/4
   780 | D:4      | HP: 2/44 [poisoned by a scorpion]
   780 | D:4      | Slain by a scorpion

Skill      XL: |  1  2  3  4  5 |
---------------+----------------+-----
Short Blades   | 1 2 |  2.2
Throwing       | 5 |  5.7
Armour         | 1 |  1.9
Fighting       | |  2.9
Dodging        | |  2.8
Stealth        | |  0.7

Action                   |  1- 3 |  4- 6 || total
-------------------------+-------+-------++-------
Melee: Short sword       |    29 |     9 ||    38
       Headbutt          |     3 |     8 ||    11
       Dagger            |       |    43 ||    43
Throw: Javelin           |    23 |    18 ||    41
       Throwing net      |     2 |     2 ||     4
  Use: Scroll            |     2 |     3 ||     5
       Potion            |       |     3 ||     3
Armor: Ring mail         |    13 |    19 ||    32
Dodge: Dodged            |    19 |    28 ||    47
